 Dungeon Crawl Stone Soup version 0.21.1-74-g47da925 (console) character file.

1843 toffzen the Quickloader (level 9, 0/82 HPs)
             Began as a Kobold Hunter on Aug 9, 2018.
             Was a Follower of Nemelex Xobeh.
             Slain by Joseph
             ... wielding a +0 quarterstaff of protection
              (10 damage)
             ... on level 7 of the Dungeon.
             The game lasted 00:33:42 (7833 turns).

toffzen the Quickloader (Kobold Hunter)             Turns: 7833, Time: 00:33:42

Health: 0/82       AC:  7    Str: 20    XL:     9   Next: 33%
Magic:  11/11      EV: 18    Int: 12    God:    Nemelex Xobeh [*.....]
Gold:   427        SH:  0    Dex: 16    Spells: 8/8 levels left

rFire    + . .     SeeInvis .   b - +0 flail (crush)
rCold    . . .     Gourm    .   (shield restricted)
rNeg     . . .     Faith    .   D - +1 ring mail {rF+}
rPois    .         Spirit   .   (no helmet)
rElec    .         Reflect  .   m - +0 cloak
rCorr    .         Harm     .   (no gloves)
MR       .....                  (no boots)
Stlth    ..........             (no amulet)
HPRegen  0.23/turn              r - +3 ring of strength
MPRegen  0.12/turn              s - +1 ring of slaying

@: berserking (expiring), very quick
A: small, carnivore
a: Renounce Religion


You were on level 7 of the Dungeon.
You worshipped Nemelex Xobeh.
Nemelex Xobeh was aware of your devotion.
You were completely stuffed.

You visited 2 branches of the dungeon, and saw 8 of its levels.

You collected 427 gold pieces.

Inventory:

Hand Weapons
 a - a +1 hand crossbow
 b - a +0 flail of crushing (weapon)
 v - a +0 antimagic falchion
 F - a +0 short sword
Missiles
 d - 6 bolts
 g - 129 stones (quivered)
 x - 23 poisoned needles
 C - 16 sling bullets
Armour
 m - a +0 cloak (worn)
 D - a +1 ring mail of fire resistance (worn)
Jewellery
 r - a +3 ring of strength (left hand)
 s - a +1 ring of slaying (right hand)
 y - an uncursed amulet of magic regeneration {unknown}
Wands
 c - a wand of flame (1)
Scrolls
 i - a scroll of enchant weapon {unknown}
 j - 4 scrolls of blinking
 o - a scroll of immolation {unknown}
 p - a scroll of noise {unknown}
 q - a scroll of remove curse
 t - a scroll of magic mapping {unknown}
 z - a scroll of teleportation {unknown}
 B - a scroll of fog {unknown}
Potions
 k - a potion of might
 l - a potion of ambrosia {unknown}
 n - a potion of mutation {unknown}
 u - 2 potions of flight
 w - 2 potions of brilliance
 A - a potion of haste {unknown}
 E - a potion of agility {unknown}
Comestibles
 f - 9 rations
 G - a chunk of flesh


   Skills:
 + Level 6.0 Fighting
 + Level 3.4 Short Blades
 - Level 10.0 Crossbows
 + Level 0.8 Armour
 + Level 6.5 Dodging
 - Level 2.4 Stealth
 + Level 3.8 Invocations


You had 8 spell levels left.
You didn't know any spells.

Dungeon Overview and Level Annotations

Branches:
Dungeon (7/15)             Temple (1/1) D:5

Altars:
Ashenzari
Cheibriados
Dithmenos
Elyvilon
Fedhas
Gozag
Hepliaklqana
Kikubaaqudgha
Makhleb
Nemelex Xobeh
Okawaru
Qazlal
Ru
Sif Muna
Uskayaw
Wu Jian
Xom
Yredelemnul
Zin
The Shining One

Shops:
D:7 [

Annotations:
D:4 raikaria's ghost, amateur OgWz
D:7 Joseph


Innate Abilities, Weirdness & Mutations

You are small and have problems with some larger weapons.
You are carnivorous and can eat meat at any time.


Message History

Joseph is lightly wounded.
Joseph closely misses you.
You hit Joseph but do no damage.
Joseph is lightly wounded.
Joseph hits you with an uncursed quarterstaff of protection!
* * * LOW HITPOINT WARNING * * *
You hit Joseph.
Joseph is moderately wounded.
You closely miss Joseph.
Joseph is moderately wounded.
Joseph says, "I'm here to kill trespassers.
I like my job."
Joseph barely misses you.
You closely miss Joseph.
Joseph is moderately wounded.
Joseph barely misses you.
You closely miss Joseph.
Joseph is moderately wounded.
Joseph hits you with an uncursed quarterstaff of protection!
You die...
Your body disappears without a glow.

## #.## .###..#
.####. ......#
...#.( ......##
.....# .......#
#......
###....##
.......
####..##
....... ##..##
##@...# #...##
##@..(#
##...####(...##
#......((####
##.####### ###
# ### ### #.##
..####..#


You could see Joseph.

Vanquished Creatures
  Eustachio (D:6)
  Menkaure (D:4)
  Edmund (D:6)
  A sky beast (D:6)
  3 ogres
  A centaur (D:6)
  A gnoll sergeant (D:7)
  2 howler monkeys (D:6)
  A crimson imp (D:6)
  A bullfrog zombie (D:5)
  A centaur zombie (D:6)
  2 jellies
  A quasit (D:6)
  3 hounds
  A bullfrog skeleton (D:6)
  2 orc priests
  2 orc wizards
  A gnoll shaman (D:7)
  2 iguanas
  A worker ant (D:6)
  A hound skeleton (D:5)
  A howler monkey zombie (D:5)
  9 gnolls
  6 adders
  A shadow imp (D:6)
  3 oozes
  An adder zombie (D:5)
  5 worms
  2 dart slugs (D:1)
  3 leopard geckos
  20 orcs
  7 bats
  10 giant cockroaches
  11 goblins
  11 hobgoblins
  3 jackals (D:6)
  4 quokkas
  7 frilled lizards
  A giant cockroach zombie (D:5)
  6 kobolds
  A quokka zombie (D:5)
  6 rats
148 creatures vanquished.

Vanquished Creatures (others)
  An orc priest (D:6)
1 creature vanquished.

Grand Total: 149 creatures vanquished

Notes
Turn   | Place    | Note
-------+----------+-------------------------------------------
     0 | D:1      | toffzen the Kobold Hunter began the quest for the Orb.
     0 | D:1      | Reached XP level 1. HP: 12/12 MP: 1/1
   426 | D:1      | Reached skill level 5 in Crossbows
   433 | D:1      | Reached XP level 2. HP: 18/18 MP: 2/2
   985 | D:1      | Reached XP level 3. HP: 22/22 MP: 3/3
  1581 | D:2      | Reached XP level 4. HP: 27/27 MP: 4/4
  2243 | D:3      | Reached skill level 6 in Crossbows
  2243 | D:3      | Reached XP level 5. HP: 27/32 MP: 5/5
  2340 | D:3      | Found a sacrificial altar of Ru.
  2587 | D:3      | Noticed an ogre
  2592 | D:3      | Killed an ogre
  2592 | D:3      | Reached XP level 6. HP: 38/38 MP: 6/6
  3171 | D:4      | Noticed Menkaure
  3520 | D:4      | Reached skill level 7 in Crossbows
  3551 | D:4      | Noticed raikaria's ghost (amateur OgWz)
  3897 | D:4      | Killed Menkaure
  3897 | D:4      | Reached XP level 7. HP: 43/43 MP: 7/7
  3996 | D:5      | Entered Level 5 of the Dungeon
  4156 | D:5      | Found a staircase to the Ecumenical Temple.
  4163 | Temple   | Entered the Ecumenical Temple
  4356 | Temple   | Became a worshipper of Nemelex Xobeh the Trickster
  4677 | D:5      | Received a gift from Nemelex Xobeh
  5140 | D:6      | Reached skill level 5 in Dodging
  5140 | D:6      | Reached skill level 1 in Invocations
  5169 | D:6      | Reached skill level 8 in Crossbows
  5174 | D:6      | Noticed Edmund
  5182 | D:6      | Killed Edmund
  5182 | D:6      | Reached XP level 8. HP: 48/48 MP: 7/9
  5462 | D:6      | Reached skill level 5 in Fighting
  5526 | D:6      | Reached * piety under Nemelex Xobeh
  5931 | D:6      | Found a sparkling altar of Nemelex Xobeh.
  5955 | D:6      | Noticed Eustachio
  5964 | D:6      | Killed Eustachio
  5964 | D:6      | Reached skill level 1 in Short Blades
  5964 | D:6      | Reached skill level 9 in Crossbows
  6115 | D:6      | Identified Sif Muna's Disquisition on Conjuration and Flames
  6181 | D:6      | Reached XP level 9. HP: 54/54 MP: 11/11
  6976 | D:7      | Found Naobbe's Armour Boutique.
  7491 | D:7      | Found a burning altar of Makhleb.
  7537 | D:7      | Reached skill level 10 in Crossbows
  7818 | D:7      | Noticed Joseph
  7833 | D:7      | Slain by Joseph

Skill      XL: |  1  2  3  4  5  6  7  8  9 |
---------------+----------------------------+-----
Crossbows      | 5 6 7 8 9 10 | 10.0
Stealth        | 2 |  2.4
Dodging        | 3 4 5 6 |  6.5
Fighting       | 3 4 5 6 |  6.0
Invocations    | 1 3 |  3.8
Short Blades   | 2 3 |  3.4
Armour         | |  0.8

Action                   |  1- 3 |  4- 6 |  7- 9 || total
-------------------------+-------+-------+-------++-------
Melee: Short sword       |       |    12 |   132 ||   144
       Flail             |       |       |    50 ||    50
 Fire: Hand crossbow     |    87 |   121 |   106 ||   314
Throw: Stone             |       |       |    19 ||    19
Evoke: Deck              |       |       |     6 ||     6
       Wand              |       |       |    22 ||    22
  Use: Scroll            |       |     5 |     8 ||    13
       Potion            |       |       |     8 ||     8
  Eat: Chunk             |    10 |     7 |    13 ||    30
Armor: Leather armour    |     7 |     9 |     3 ||    19
       Ring mail         |       |       |    74 ||    74
Dodge: Dodged            |    27 |    38 |   225 ||   290
